 Dungeon Crawl Stone Soup version 0.27.1-1-g398f81649c (webtiles) character file.

Game seed: 17363243658486556374

1187 Autumnman the Skirmisher (level 8, -3/79 (84) HPs)
             Began as a Troll Berserker on Sept 11, 2021.
             Was a Priest of Trog.
             Slain by a wight (8 damage)
             ... on level 5 of the Dungeon.
             The game lasted 00:12:08 (3523 turns).

Autumnman the Skirmisher (Troll Berserker)          Turns: 3523, Time: 00:12:08

HP:   -3/79 (84)    AC:  4    Str: 28    XL:     8   Next: 19%
MP:   7/7           EV: 10    Int:  3    God:    Trog [***...]
Gold: 199           SH:  0    Dex:  9    Spells: 7/7 levels left

rFire    . . .     SeeInvis .     - Unarmed
rCold    . . .     Faith    .   (no shield)
rNeg     . . .     Spirit   .   a - +0 animal skin
rPois    .         Reflect  .   (helmet restricted)
rElec    .         Harm     .   (no cloak)
rCorr    .         Rampage  .   (gloves unavailable)
Will     .....                  (boots unavailable)
Stlth    +.........             (no amulet)
HPRegen  1.23/turn              (no ring)
MPRegen  0.10/turn              (no ring)

@: drained
A: large, unfitting armour, claws 3, regeneration 1, shaggy fur 1, tough skin 1
a: Renounce Religion, Berserk, Trog's Hand


You were on level 5 of the Dungeon.
You worshipped Trog.
Trog was most pleased with you.
You visited 1 branch of the dungeon, and saw 5 of its levels.

You collected 199 gold pieces.

Inventory:

Armour
 a - a +0 animal skin (worn)
 o - a +0 pair of boots
 p - a +0 robe
Scrolls
 c - a scroll of summoning {unknown}
 e - a scroll of torment {unknown}
 f - a scroll of amnesia {unknown}
 g - a scroll of immolation {unknown}
 h - 3 scrolls of identify {unknown}
 i - a scroll of enchant armour {unknown}
 j - a scroll of enchant weapon {unknown}
 m - a scroll of fog {unknown}
 n - 2 scrolls of magic mapping {unknown}
 q - a scroll of noise {unknown}
 r - a scroll of blinking {unknown}
Potions
 d - a potion of lignification
 k - 3 potions of curing {unknown}
 l - a potion of resistance


   Skills:
 + Level 6.5 Fighting
 - Level 3.7 Dodging
 - Level 0.2 Stealth
 - Level 6.2 Unarmed Combat


You had 7 spell levels left.
You didn't know any spells.
Your spell library contained the following spells:

 Spells                   Type           Power      Damage    Failure   Level
 Gell's Gravitas          Tloc           0%         N/A       88%         3
 Lesser Beckoning         Tloc           0%         N/A       88%         3
 Teleport Other           Tloc           0%         N/A       88%         3


Dungeon Overview and Level Annotations

Branches:
Dungeon (5/15)
 Temple: D:4-7

Altars:
Elyvilon

Shops:
D:5 :


Innate Abilities, Weirdness & Mutations

You are too large for most types of armour.
You have claws for hands.
Your natural rate of healing is unusually fast.
You are covered in fur. (AC +1)
You have tough skin. (AC +1)


Message History

Trog accepts your kill. The wight hits you with a +2 flail.
The wight hits you with a +4 flail of freezing!
You feel drained. The wight freezes you. The wight hits you with a +2 flail.
The wight hits you with a +4 flail of freezing!
You feel drained. The wight freezes you.
Things that are here:
a +4 halberd; a +0 robe You claw the wight!
The wight is heavily damaged.
The wight hits you with a +2 flail.
* * * LOW HITPOINT WARNING * * *
The wight hits you with a +4 flail of freezing!
* * * LOW HITPOINT WARNING * * *
The wight freezes you.
* * * LOW HITPOINT WARNING * * *
You feel much better. The wight hits you with a +2 flail!
The wight hits you with a +4 flail of freezing!
* * * LOW HITPOINT WARNING * * *
The wight freezes you.
* * * LOW HITPOINT WARNING * * *
You claw the wight!
You destroy the wight!
Trog accepts your kill.
The wight hits you with a +4 flail of freezing!
* * * LOW HITPOINT WARNING * * *
The wight freezes you.
* * * LOW HITPOINT WARNING * * *
You claw the wight!
The wight is heavily damaged.
You recover from your berserk rage.
The wight hits you with a +4 flail of freezing!
* * * LOW HITPOINT WARNING * * *
The wight freezes you.
* * * LOW HITPOINT WARNING * * *
You closely miss the wight.
The wight is heavily damaged.
The wight hits you with a +4 flail of freezing!
You die...

.#(# #....#########
.#.# #.....#
.#'###)..#.#
.........#.# ######
........##.# #....#
........##.. #....#
#.......###.####....#
+.......# #.........#
#.......# #..#.z@...#
#.......# #.....)...#
#.......# #.#.......#
######### #
#)###.#.... #####
#####.#.###.#.....
....# ............#
.... ....#
......##.#..# ....
....# ......
#.#..#..... ....#
..... #.........


You could see a wight.

Vanquished Creatures
  2 sky beasts (D:5)
  3 ogres
  A phantom (D:4)
  A water moccasin zombie (D:5)
  4 wights (D:5)
  A hound (D:5)
  An orc priest (D:5)
  A centaur skeleton (D:4)
  A jelly (D:4)
  An iguana (D:4)
  5 orc wizards
  A scorpion zombie (D:5)
  4 adders
  A white imp (D:5)
  3 adder skeletons (D:4)
  A worm (D:4)
  7 dart slugs
  12 orcs
  6 bats
  4 endoplasms
  2 giant cockroaches
  10 goblins
  8 hobgoblins
  7 kobolds
  5 quokkas
  4 ball pythons
  2 frilled lizards
  5 rats
103 creatures vanquished.

Notes
Turn   | Place    | Note
-------+----------+-------------------------------------------
     0 | D:1      | Autumnman the Troll Berserker began the quest for the Orb.
     0 | D:1      | Reached XP level 1. HP: 22/22 MP: 0/0
   225 | D:1      | Reached XP level 2. HP: 27/29 MP: 1/1
   487 | D:1      | Reached XP level 3. HP: 36/36 MP: 2/2
   796 | D:2      | Reached ** piety under Trog
  1075 | D:2      | Found a faded altar of an unknown god.
  1356 | D:3      | Reached XP level 4. HP: 40/44 MP: 3/3
  1808 | D:3      | Reached skill level 5 in Unarmed Combat
  1808 | D:3      | Reached XP level 5. HP: 50/50 MP: 4/4
  1972 | D:4      | Noticed a phantom
  1994 | D:4      | Killed a phantom
  2232 | D:4      | Reached *** piety under Trog
  2233 | D:4      | Reached XP level 6. HP: 59/59 MP: 5/5
  2848 | D:4      | Found a white marble altar of Elyvilon.
  3183 | D:5      | Entered Level 5 of the Dungeon
  3183 | D:5      | Noticed a sky beast
  3192 | D:5      | Reached XP level 7. HP: 68/68 MP: 6/6
  3270 | D:5      | Reached skill level 5 in Fighting
  3389 | D:5      | Found Jaoquor's Book Shop.
  3488 | D:5      | Reached XP level 8. HP: 83/83 MP: 7/7
  3523 | D:5      | Slain by a wight

Illustrated notes

Levels and vault maps discovered:
D:1:      lemuel_arrival_river_ford, layout_loops_cross
D:2:      wad_pebble_path, layout_basic, basic_ecumenical_altar
D:3:      layout_loops_ring, minmay_misc_feat_enclosed, minmay_strange_pillars,
          kennysheep_decorative_pillar, minivault_23
D:4:      layout_layer_cave, mainiacjoe_overflow_paths, nrook_mini_backslash
D:5:      layout_basic, serial_shops, nicolae_shop_statue_plus,
          grunt_ministairs_7, minivault_1

Skill      XL: |  1  2  3  4  5  6  7  8 |
---------------+-------------------------+-----
Unarmed Combat | 4 5 6 |  6.2
Dodging        | 3 |  3.7
Fighting       | 3 5 6 |  6.5
Stealth        | |  0.2

Action                   |  1- 3 |  4- 6 |  7- 9 || total
-------------------------+-------+-------+-------++-------
Melee: Unarmed           |   100 |   120 |    70 ||   290
       Punch             |       |     3 |     1 ||     4
Invok: Berserk           |     1 |     4 |     1 ||     6
  Use: Potion            |       |     7 |     2 ||     9
 Stab: Sleeping          |     1 |       |       ||     1
Armor: Animal skin       |    36 |    38 |    12 ||    86
       Skin              |       |    14 |       ||    14
Dodge: Dodged            |    45 |    63 |    23 ||   131
